 Dungeon Crawl Stone Soup version 0.31-a0-200-gbc41564c69 (webtiles) character file.

Game seed: 4331976843032679206

39 qw the Shooter (level 3, -1/20 HPs)
             Began as a Deep Elf Hunter on June 25, 2023.
             Slain by a cerulean imp
             ... wielding a +4 spear
             ... summoned by Natasha
              (2 damage)
             ... on level 2 of the Dungeon.
             The game lasted 00:00:20 (1085 turns).

qw the Shooter (Deep Elf Hunter)                    Turns: 1085, Time: 00:00:21

Health: -1/20      AC:  5    Str: 10    XL:     3   Next: 28%
Magic:  5/5        EV: 11    Int: 13    God:
Gold:   50         SH:  0    Dex: 18    Spells: 2/2 levels left

rFire   . . .        Y - +2 shortbow
rCold   + . .        (shield currently unavailable)
rNeg    . . .        d - +0 ring mail
rPois   .            (no helmet)
rElec   .            (no cloak)
rCorr   .            (no gloves)
SInv    .            (no boots)
Will    .....        (no amulet)
Stlth   +            i - ring of protection from cold
HPRegen 0.23/turn    (no ring)
MPRegen 0.09/turn

%: no passive effects
@: slowed, very slow
A: no striking features
a: no special abilities


You were on level 2 of the Dungeon.
You visited 1 branch of the dungeon, and saw 2 of its levels.

You collected 50 gold pieces.


   Skills:
 - Level 1.5 Fighting
 + Level 6.9 Ranged Weapons
 - Level 2.4 Dodging
 - Level 1.2 Stealth


You had 2 spell levels left.
You didn't know any spells.
Your spell library was empty.

Inventory:

Hand Weapons
 Y - a +2 shortbow (weapon)
Armour
 d - a +0 ring mail (worn)
Jewellery
 i - a ring of protection from cold (left hand)
Potions
 h - a potion of curing {unknown}

Dungeon Overview and Level Annotations

Branches:
Dungeon (2/15)

Altars:

Annotations:
D:2 Natasha


Message History

You shoot an arrow. The arrow misses the frilled lizard.
Natasha casts a spell.
You shoot an arrow.
The arrow closely misses the frilled lizard.
Natasha howls an incantation.
Natasha glows brightly for a moment.
Natasha stares at you and mumbles some strange words.
You feel yourself slow down.
You shoot an arrow. The arrow hits the frilled lizard!
You kill the frilled lizard!
Natasha casts a spell at you. The magic dart hits you.
You shoot an arrow. The arrow hits the cerulean imp.
The cerulean imp is lightly wounded.
You shoot an arrow. The arrow hits the cerulean imp.
The cerulean imp is moderately wounded.
The cerulean imp misses you. The cerulean imp completely misses you.
You shoot an arrow. The arrow hits the cerulean imp.
The cerulean imp is severely wounded.
Natasha claws you.
The cerulean imp hits you from afar with a +2 spear.
You shoot an arrow. The arrow closely misses Natasha.
Natasha casts a spell.
The cerulean imp closely misses you.
The cerulean imp hits you but does no damage.
Natasha misses you.
You shoot an arrow.
The arrow hits Natasha but does no damage.
Natasha claws you but does no damage.
The cerulean imp hits you from afar with a +2 spear.
Natasha misses you. The cerulean imp barely misses you.
The cerulean imp closely misses you.
You shoot an arrow. The arrow hits Natasha!
Natasha is heavily wounded.
The cerulean imp disappears in a puff of smoke!
Natasha claws you but does no damage.
The cerulean imp hits you from afar with a +4 spear.
Natasha claws you.
The cerulean imp hits you from afar with a +4 spear.
You die...

#.....# .$.....
..#... #....?## ###
#.#....# ..#
#..%.#ยค## ...#
##....h..# ....#
#.#.
#....5.@.###....#
...#..
#[...............
......
........#.%#.....
#..... .......##.##
... ..##.#
##.......#.# .
#.##.###..........#
##.##.##..........##
##.##.##..........#
##.##.<..[........#


You could see Natasha and a cerulean imp (summoned).

Vanquished Creatures
  3 dart slugs
  4 bats (D:1)
  3 endoplasms (D:1)
  2 giant cockroaches (D:1)
  A goblin (D:1)
  A hobgoblin (D:1)
  4 jackals (D:1)
  A quokka (D:1)
  4 ball pythons
  2 frilled lizards (D:2)
  2 kobolds (D:1)
  3 rats
30 creatures vanquished.

Notes
Turn   | Place    | Note
-------+----------+-------------------------------------------
     0 | D:1      | qw the Deep Elf Hunter began the quest for the Orb.
     0 | D:1      | Reached XP level 1. HP: 12/12 MP: 3/3
     0 | D:1      | 0 ||| qw: Version: 0.3-a-22-g0ed2b0b
     0 | D:1      | 0 ||| qw: Game counter: 5584
     0 | D:1      | 0 ||| qw: Melee chars always use a shield: true
     0 | D:1      | 0 ||| qw: God list: Okawaru
     0 | D:1      | 0 ||| qw: Allow faded altars: false
     0 | D:1      | 0 ||| qw: Do Orc after clearing Dungeon:15 true
     0 | D:1      | 0 ||| qw: Do second Lair branch before Depths: true
     0 | D:1      | 0 ||| qw: Lair rune preference: random
     0 | D:1      | 0 ||| qw: Goals: Normal
     0 | D:1      | 0 ||| PLANNING D:1-11
   260 | D:1      | Reached XP level 2. HP: 14/16 MP: 4/4
   263 | D:1      | Reached skill level 6 in Ranged Weapons
   725 | D:1      | Reached XP level 3. HP: 20/20 MP: 5/5
   938 | D:1      | 938 ||| UPGRADING to +0 ring mail.
   948 | D:1      | 948 ||| DROPPING +0 leather armour.
   949 | D:1      | 949 ||| DROPPING ring of wizardry.
   950 | D:1      | 950 ||| UPGRADING to ring of protection from cold.
   951 | D:1      | 951 ||| READING 2 scrolls labelled OFEW ISICEA.
   952 | D:1      | 952 ||| READING scroll of enchant weapon.
   952 | D:1      | 952 ||| ENCHANTING +1 shortbow.
   953 | D:1      | 953 ||| DRINKING 2 emerald potions.
   954 | D:1      | 954 ||| DROPPING scroll of butterflies.
   955 | D:1      | 955 ||| DROPPING potion of magic.
  1076 | D:2      | Noticed Natasha
  1084 | D:2      | HP: 4/20 [cerulean imp/+2 spear[Natasha] (4)]
  1085 | D:2      | HP: 1/20 [Natasha (1)]
  1085 | D:2      | Slain by a cerulean imp

Levels and vault maps discovered:
D:1:      dpeg_arrival_simpleton_c, layout_basic
D:2:      minmay_wonky_spiral, layout_rooms, serial_shops, shop, uniq_natasha,
          uniq_jessica, uniq_robin

Skill      XL: |  1  2 |
---------------+-------+-----
Ranged Weapons | 6 |  6.9
Fighting       | |  1.5
Dodging        | |  2.4
Stealth        | |  1.2

Action                     || total
---------------------------++-------
   Fire: Shortbow          ||    79
    Use: Scroll            ||     2
         Potion            ||     1
 Armour: Leather armour    ||    14
         Ring mail         ||     3
  Dodge: Dodged            ||    37

Table legend:
 A = Non-vault XP
 B = Vault XP
 C = Vault XP percentage of total XP
 D = Non-vault monster count
 E = Vault monster count
 F = Vault count percentage of total count
                 A         B        C        D         E       F
            +---------+---------+-------+---------+---------+-------
      Total |      57 |       0 |   0.0 |      30 |       0 |   0.0
            +---------+---------+-------+---------+---------+-------
        D:1 |      48 |       0 |   0.0 |      25 |       0 |   0.0
        D:2 |       9 |       0 |   0.0 |       5 |       0 |   0.0
            +---------+---------+-------+---------+---------+-------
